 Dungeon Crawl Stone Soup version 0.18.1-50-g88ac8fd (webtiles) character file.

2734 d1v1ne the Spear-Bearer (level 9, -4/61 HPs)
             Began as a Merfolk Gladiator on Oct 10, 2016.
             Was an Initiate of the Shining One.
             Slain by a komodo dragon (6 damage)
             ... on level 8 of the Dungeon.
             The game lasted 00:58:33 (7617 turns).

d1v1ne the Spear-Bearer (Merfolk Gladiator)         Turns: 7617, Time: 00:58:34

Health: -4/61      AC: 10    Str: 18    XL:     9   Next: 67%
Magic:  9/9        EV: 20    Int:  5    God:    the Shining One [......]
Gold:   483        SH:  0    Dex: 20    Spells: 0 memorised, 8 levels left

rFire  . . .     SeeInvis .     a - +2 trident
rCold  . . .     Gourm    .     b - +0 leather armour
rNeg   . . .     Faith    .     (no shield)
rPois  +         Spirit   .     c - +0 helmet
rElec  .         Dismiss  .     n - +2 cloak {MR+}
rCorr  .         Reflect  .     G - +0 pair of gloves
SustAt .         Harm     .     t - +0 pair of boots
MR     +....                    (no amulet)
Stlth  +.........               J - ring of poison resistance
                                y - +5 ring of dexterity

@: lethally poisoned (-4 -> -17), glowing, somewhat resistant to hostile
enchantments, very unstealthy
A: change form in water, swift swim, dopey 1, high mp 1
a: Renounce Religion


You were on level 8 of the Dungeon.
You worshipped the Shining One.
The Shining One was noncommittal.
You were hungry.

You visited 3 branches of the dungeon, and saw 10 of its levels.

You collected 483 gold pieces.

Inventory:

Hand Weapons
 a - a +2 trident (weapon)
Missiles
 d - 3 throwing nets (quivered)
Armour
 b - a +0 leather armour (worn)
 c - a +0 helmet (worn)
 m - an ice dragon hide
 n - a +2 cloak of magic resistance (worn)
 t - a +0 pair of boots (worn)
 u - a +0 pair of boots
 G - a +0 pair of gloves (worn)
Jewellery
 y - a +5 ring of dexterity (left hand)
 F - an uncursed amulet of magic regeneration
 J - a ring of poison resistance (right hand)
 M - a +3 ring of strength
Wands
 N - a wand of random effects (19/48)
Scrolls
 e - 5 scrolls of remove curse {unknown}
 g - 2 scrolls of random uselessness {unknown}
 h - a scroll of identify
 j - 2 scrolls of noise
 k - a scroll of magic mapping
 o - 2 scrolls of blinking {unknown}
 q - 2 scrolls of enchant weapon
 r - 3 scrolls of teleportation {unknown}
 C - a scroll of immolation {unknown}
 I - a scroll of recharging {unknown}
 L - a scroll of torment {unknown}
Potions
 p - 3 potions of flight
 v - a potion of curing
 w - a potion of beneficial mutation {unknown}
 z - a potion of haste {unknown}
 A - a potion of cancellation {unknown}
 D - a potion of degeneration {unknown}
 H - a potion of invisibility
 K - 2 potions of agility {unknown}
Comestibles
 f - 7 bread rations
 i - 4 meat rations
 s - 4 fruits
 x - a royal jelly
 B - 2 beef jerkies
 E - a slice of pizza


   Skills:
 - Level 2.1 Fighting
 - Level 14.0 Polearms
 - Level 2.0 Throwing
 + Level 3.6 Armour
 * Level 9.6 Dodging


You had 8 spell levels left.
You didn't know any spells.

Dungeon Overview and Level Annotations

Branches:
Dungeon (8/15)             Temple (1/1) D:6            Lair (1/8) D:8

Altars:
Ashenzari
Dithmenos
Elyvilon
Fedhas
Gozag
Nemelex Xobeh
Pakellas
Qazlal
Ru
Sif Muna
Trog
Vehumet
Xom
Zin
The Shining One


Innate Abilities, Weirdness & Mutations

You revert to your normal form in water.
You are very nimble and swift while swimming.
You are dopey. (Int -2)
You have an increased reservoir of magic (+10% MP).


Message History

The spiny frog stings you!!
* * * LOW HITPOINT WARNING * * *
Drink which item? (? for menu, Esc to quit)
You feel much better. The spiny frog stings you!
* * * LOW HITPOINT WARNING * * *
Unknown command.
The spiny frog barely misses you. The spiny frog completely misses you.
The spiny frog stings you but does no damage.
You hear the slow rumble of a very distant avalanche of rocks.
There is a staircase back to the Dungeon here.
The spiny frog stings you!
* * * LOW HITPOINT WARNING * * *
You are lethally poisoned!
The spiny frog poisons you!
You climb upwards.
Welcome back to the Dungeon!
The Shining One protects you from harm!
The komodo dragon completely misses you.
The komodo dragon bites you.
You die...

#. ............###.....#
## .
.....#..####.........# #.
.###...... ###.......# #.
###...[##....###..# #.
#.##....##......# ##
#.##.#..###...### ##
#.......###.#... #####.
###........l...... #..###
.........F@..####.# #..#
..........#### #.# ..#
............#####.### #.#
:##.%..............###.###
##.#####.........##.....
.....................###
.....#.####........###.#
..# ####..##.###># .
##......#)#


You could see a komodo dragon and a spiny frog.

Vanquished Creatures
  A hippogriff (Lair:1)
  2 ice beasts
  An orc warrior (D:7)
  2 sky beasts (D:6)
  2 phantoms
  3 ogres
  3 centaurs
  A crocodile (D:8)
  A giant frog (D:5)
  A scorpion (D:6)
  A water moccasin skeleton (D:6)
  5 howler monkeys
  3 wights (D:8)
  3 crimson imps
  A centaur zombie (D:7)
  A jelly (D:7)
  An orc priest (D:6)
  A hound (D:6)
  6 orc wizards
  An iguana (D:4)
  11 worker ants
  A hound zombie (D:6)
  A howler monkey zombie (D:8)
  2 adders (D:6)
  4 gnolls (D:4)
  A howler monkey skeleton (D:4)
  An ooze (D:1)
  An adder skeleton (D:5)
  4 worms
  A dart slug (D:1)
  4 giant geckos
  40 orcs
  A ball python (D:2)
  11 bats
  3 giant cockroaches
  7 goblins
  6 hobgoblins
  7 jackals
  3 quokkas
  3 giant gecko skeletons
  3 giant newts
  A jackal skeleton (D:6)
  A jackal zombie (D:8)
  5 kobolds
  A quokka skeleton (D:6)
  11 rats
174 creatures vanquished.

Notes
Turn   | Place    | Note
--------------------------------------------------------------
     0 | D:1      | d1v1ne the Merfolk Gladiator began the quest for the Orb.
     0 | D:1      | Reached XP level 1. HP: 16/16 MP: 1/1
   235 | D:1      | Reached skill level 5 in Polearms
   238 | D:1      | Reached XP level 2. HP: 22/22 MP: 2/2
   871 | D:2      | Reached skill level 6 in Polearms
   871 | D:2      | Reached XP level 3. HP: 27/27 MP: 3/3
   932 | D:2      | Found a white marble altar of Elyvilon.
  1095 | D:2      | Found a shimmering altar of Xom.
  1854 | D:2      | Reached XP level 4. HP: 27/33 MP: 4/4
  1858 | D:2      | Reached skill level 7 in Polearms
  1960 | D:3      | Reached skill level 8 in Polearms
  1960 | D:3      | Reached XP level 5. HP: 12/38 MP: 5/5
  2811 | D:4      | Reached skill level 9 in Polearms
  2835 | D:4      | Reached XP level 6. HP: 6/44 MP: 6/6
  3134 | D:4      | Noticed a phantom
  3449 | D:4      | Reached skill level 10 in Polearms
  3463 | D:4      | Killed a phantom
  3913 | D:5      | Entered Level 5 of the Dungeon
  3953 | D:5      | Reached skill level 11 in Polearms
  3953 | D:5      | Reached XP level 7. HP: 50/50 MP: 7/7
  4090 | D:5      | Found an oddly glowing altar of Pakellas.
  4246 | D:5      | Reached skill level 12 in Polearms
  4370 | D:5      | Reached XP level 8. HP: 19/56 MP: 8/8
  4649 | D:5      | Reached skill level 13 in Polearms
  5374 | D:6      | Reached skill level 14 in Polearms
  5433 | D:6      | Gained mutation: You are dopey. (Int -2) [mutagenic meat]
  5434 | D:6      | Gained mutation: Your muscles are strong. (Str +2) [mutagenic meat]
  5435 | D:6      | Lost mutation: Your muscles are strong. (Str +2) [mutagenic meat]
  5436 | D:6      | Gained mutation: You have an increased reservoir of magic (+10% MP). [mutagenic meat]
  5479 | D:6      | Reached skill level 1 in Armour
  5479 | D:6      | Reached skill level 5 in Dodging
  5856 | D:6      | Reached XP level 9. HP: 52/61 MP: 9/9
  5970 | D:6      | Found a staircase to the Ecumenical Temple.
  6640 | Temple   | Entered the Ecumenical Temple
  6939 | Temple   | Became a worshipper of the Shining One
  7451 | D:8      | Found a staircase to the Lair.
  7453 | D:8      | Noticed a komodo dragon
  7458 | Lair:1   | Entered Level 1 of the Lair of Beasts
  7575 | Lair:1   | Noticed a spiny frog
  7616 | Lair:1   | HP: 2/61 [spiny frog (13)]
  7617 | D:8      | The Shining One protects you from harm!
  7617 | D:8      | Slain by a komodo dragon

Skill      XL: |  1  2  3  4  5  6  7  8  9 |
---------------+----------------------------+-----
Polearms       | 5 6 8 9 11 12 14 | 14.0
Armour         | 2 3 |  3.6
Dodging        | 6 9 |  9.6
Fighting       | |  2.1
Throwing       | |  2.0

Action                   |  1- 3 |  4- 6 |  7- 9 || total
-------------------------+-------+-------+-------++-------
Melee: Trident           |   119 |   220 |   431 ||   770
Throw: Throwing net      |       |     2 |     2 ||     4
  Use: Potion            |       |     1 |     1 ||     2
       Scroll            |       |       |    10 ||    10
 Stab: Sleeping          |     1 |       |     2 ||     3
       Held in net/web   |       |     3 |     3 ||     6
       Invisible         |       |     2 |       ||     2
  Eat: Chunk             |     2 |     4 |    10 ||    16
       Bread ration      |       |     1 |     1 ||     2
Armor: Leather armour    |    29 |    51 |    52 ||   132
Dodge: Dodged            |    90 |    97 |   207 ||   394
